 Dungeon Crawl Stone Soup version 0.25-a0-413-g3b4b6a4ccc (webtiles) character file.

Game seed: 6843910612647605631, levelgen mode: deterministic

112 LairdRich the Chopper (level 4, -1/41 HPs)
             Began as a Minotaur Berserker on Jan 16, 2020.
             Was a Believer of Trog.
             Slain by a mummy (3 damage)
             ... in an ossuary.
             The game lasted 00:06:31 (1864 turns).

LairdRich the Chopper (Minotaur Berserker)          Turns: 1864, Time: 00:06:31

Health: -1/41      AC: 16    Str: 22    XL:     4   Next: 63%
Magic:  3/3        EV:  8    Int: 10    God:    Trog [**....]
Gold:   179        SH:  0    Dex: 10    Spells: 3/3 levels left

rFire    . . .     SeeInvis .   a - +1 hand axe
rCold    . . .     Gourm    .   (no shield)
rNeg     . . .     Faith    .   f - +5 chain mail "Anuehack" {*Corrode MR++ Int+6}
rPois    .         Spirit   .   (helmet restricted)
rElec    .         Reflect  .   (no cloak)
rCorr    .         Harm     .   (no gloves)
MR       ++...                  q - +1 pair of boots
Stlth    ..........             (no amulet)
HPRegen  0.13/turn              (no ring)
MPRegen  0.08/turn              (no ring)

@: no status effects
A: retaliatory headbutt, horns 2
a: Berserk, Trog's Hand, Renounce Religion


You were in an ossuary.
You worshipped Trog.
Trog was pleased with you.
You were hungry.

You visited 1 branch of the dungeon, and saw 4 of its levels.
You also visited: Ossuary.

You collected 179 gold pieces.

Inventory:

Hand Weapons
 a - a +1 hand axe (weapon)
 s - a +1 spear of flaming
Missiles
 d - 3 boomerangs of dispersal (quivered)
Armour
 f - the +5 chain mail "Anuehack" (worn) {*Corrode MR++ Int+6}
   (You found it on level 4 of the Dungeon)

   It affects your intelligence (+6).
   It affects your resistance to hostile enchantments.
   It may corrode you when you take damage.
 q - a +1 pair of boots (worn)
 t - a +0 ring mail
Scrolls
 g - a scroll of remove curse
 j - 3 scrolls of identify
 l - a scroll of enchant armour
 n - 3 scrolls of amnesia
 r - a scroll of teleportation
Potions
 b - a potion of curing {unknown}
 e - 2 potions of invisibility {unknown}
 h - 2 potions of brilliance {unknown}
 i - a potion of heal wounds {unknown}
 m - 2 potions of magic
Comestibles
 c - 9 rations


   Skills:
 + Level 4.5 Fighting
 * Level 5.3 Axes
 + Level 3.5 Armour
 - Level 2.1 Dodging


You had 3 spell levels left.
You didn't know any spells.
Your spell library was empty.

Dungeon Overview and Level Annotations

Branches:
Dungeon (4/15)            Ossuary (1/1)
 Temple: D:4-7

Altars:
Vehumet


Innate Abilities, Weirdness & Mutations

You reflexively headbutt those who attack you in melee.
You have a pair of horns on your head.


Message History

You destroy the bog mummy!
Trog accepts your kill.
Trog appreciates your killing of a magic user.
There is an open door here.
You enter the shallow water.
Moving in this stuff is going to be slow.
The bog mummy hits you! The mummy hits you but does no damage.
The bog mummy hits you!
There is an open door, spattered with blood here.
You are too injured to fight recklessly!
You are too injured to fight recklessly!
You are too injured to fight recklessly!
You hit the mummy but do no damage. You hit the bog mummy. The mummy hits you!
* * * LOW HITPOINT WARNING * * *
You hit the bog mummy but do no damage.
The bog mummy is moderately damaged.
You hit the mummy. The bog mummy hits you.
* * * LOW HITPOINT WARNING * * *
The mummy hits you.
You die...

##### #..∩#
#.∩.# #P #...#
##≈≈##@##+##≈#
#..≈.M≈M≈≈≈..≈
###'#+#.≈.≈.≈.
≈≈ P≈.≈.#P ##
≈#≈≈## ##≈≈#
≈# ##


You could see a mummy and a bog mummy.

Vanquished Creatures
  A mummy (Ossuary)
  3 adders (D:2)
  A worm (D:2)
  2 dart slugs
  An orc (D:3)
  7 bats
  3 giant cockroaches
  8 goblins
  4 hobgoblins
  2 jackals (D:1)
  7 kobolds
  A quokka (D:3)
  6 frilled lizards
  6 rats
52 creatures vanquished.

Vanquished Creatures (others)
  A withered plant (Ossuary)
1 creature vanquished.

Grand Total: 53 creatures vanquished

Notes
Turn   | Place    | Note
-------+----------+-------------------------------------------
     0 | D:1      | LairdRich the Minotaur Berserker began the quest for the
                  | Orb.
     0 | D:1      | Reached XP level 1. HP: 19/19 MP: 0/0
    85 | D:1      | Reached skill level 4 in Axes
   147 | D:1      | Reached XP level 2. HP: 27/27 MP: 1/1
   457 | D:2      | Reached XP level 3. HP: 18/33 MP: 2/2
   488 | D:2      | Reached ** piety under Trog
   815 | D:2      | Reached XP level 4. HP: 41/41 MP: 3/3
   961 | D:2      | Reached skill level 5 in Axes
  1665 | D:4      | Got a jewelled chain mail
  1676 | D:4      | Identified the +5 chain mail "Anuehack" {*Corrode MR++
                  | Int+6} (You found it on level 4 of the Dungeon)
  1698 | D:4      | Found a radiant altar of Vehumet.
  1843 | D:4      | Found a sand-covered staircase.
  1849 | Ossuary  | Entered an ossuary
  1864 | Ossuary  | HP: 2/41 [bog mummy (4)]
  1864 | Ossuary  | Slain by a mummy

Levels and vault maps discovered:
D:1:      evilmike_arrival_fibonacci_small, layout_basic, st_stairs_14
D:2:      layout_rooms
D:3:      layout_basic, first_ration
D:4:      minmay_chambers_of_twos, layout_layer_cave, kennysheep_mini,
          nicolae_overflow_crystal_walls, nicolae_ossuary_entry_monument
Ossuary:  ossuary_zaba_flooded

Skill      XL: |  1  2  3  4 |
---------------+-------------+-----
Axes           | 4 5 |  5.3
Fighting       | 4 |  4.5
Armour         | 3 |  3.5
Dodging        | |  2.1

Action                   |  1- 3 |  4- 6 || total
-------------------------+-------+-------++-------
Melee: Hand axe          |    63 |    30 ||    93
       Headbutt          |     9 |     6 ||    15
  Use: Scroll            |       |     7 ||     7
 Stab: Sleeping          |     1 |       ||     1
  Eat: Chunk             |       |     2 ||     2
Armor: Animal skin       |    11 |     1 ||    12
       Ring mail         |       |     6 ||     6
       Chain mail        |       |     2 ||     2
Dodge: Dodged            |    37 |    13 ||    50

Table legend:
 A = Non-vault XP
 B = Vault XP
 C = Vault XP percentage of total XP
 D = Non-vault monster count
 E = Vault monster count
 F = Vault count percentage of total count
                 A         B        C        D         E       F
            +---------+---------+-------+---------+---------+-------
      Total |     121 |      39 |  24.4 |      49 |       3 |   5.8
            +---------+---------+-------+---------+---------+-------
        D:1 |      25 |       2 |   7.4 |      14 |       2 |  12.5
        D:2 |      81 |       0 |   0.0 |      27 |       0 |   0.0
        D:3 |      15 |       0 |   0.0 |       8 |       0 |   0.0
    Ossuary |       0 |      37 | 100.0 |       0 |       1 | 100.0
            +---------+---------+-------+---------+---------+-------
